TOP OF THE 1ST |
---|
Scottsdale Scorpions batting - Pitching for Detroit Dirty Snow : RHP Fernando Barrón | Pitching: RHP Fernando Barrón | | Batting: LHB Ernesto Hernández | 0-0: Ball 1-0: Ball 2-0: Fly out, F8 (Flyball, 8LD) | Batting: RHB Edgardo Gonzáles | 0-0: Ground out U3 (Groundball, 3S) | Batting: LHB Pedro Díaz | 0-0: Ball 1-0: Called Strike 1-1: Foul Ball, location: 2F 1-2: Ball 2-2: Ball 3-2: Base on Balls | Batting: SHB Arnold Moore | 0-0: Ball 1-0: Ball 2-0: Called Strike 2-1: Ball 3-1: Fly out, F9 (Flyball, 9) | Top of the 1st over - 0 runs, 0 hits, 0 errors, 1 left on base; Scottsdale 0 - Detroit 0 | BOTTOM OF THE 1ST |
---|
Detroit Dirty Snow batting - Pitching for Scottsdale Scorpions : LHP António Rodríguez | Pitching: LHP António Rodríguez | | Batting: SHB Joe Emery | 0-0: Ball 1-0: Called Strike 1-1: Ball 2-1: Ball 3-1: Called Strike 3-2: Base on Balls | Batting: LHB Francisco Medina | 0-0: Ball Joe Emery is caught stealing 2nd base 1-0: Swinging Strike 1-1: Foul Ball, location: 2F 1-2: Foul Ball, location: 2F 1-2: Strikes out swinging | Batting: RHB Guo-liang Lian | 0-0: Called Strike 0-1: Ball 1-1: Ground out 6-3 (Groundball, 6) | Bottom of the 1st over - 0 runs, 0 hits, 0 errors, 0 left on base; Scottsdale 0 - Detroit 0 | TOP OF THE 2ND |
---|
Scottsdale Scorpions batting - Pitching for Detroit Dirty Snow : RHP Fernando Barrón | Batting: RHB Steve Boyer | 0-0: Ball 1-0: Called Strike 1-1: Foul Ball, location: 2F 1-2: Ground out U3 (Groundball, 34S) | Batting: LHB Manny Vigil | 0-0: DOUBLE (Line Drive, 9LM) | Batting: LHB Tony Ayala | 0-0: Ball 1-0: Foul Ball, location: 2F 1-1: Ball 2-1: Called Strike 2-2: Ball 3-2: Foul Ball, location: 2F 3-2: Base on Balls | Batting: RHB Ronald Smith | 0-0: Swinging Strike 0-1: Ball 1-1: Ball 2-1: SINGLE (Line Drive, 78M) Manny Vigil to third Tony Ayala to second | Batting: RHB José Méndez | 0-0: Ball 1-0: Ball 2-0: SINGLE (Flyball, 7S) Manny Vigil scores Tony Ayala to third Ronald Smith to second | Batting: LHB Ernesto Hernández | 0-0: Swinging Strike 0-1: Swinging Strike 0-2: Fielders Choice at 2nd, 6-4 (Groundball, 6) Tony Ayala scores Ronald Smith to third | Batting: RHB Edgardo Gonzáles | 0-0: Swinging Strike 0-1: Foul Ball, location: 2F 0-2: Ball 1-2: Strikes out swinging | Top of the 2nd over - 2 runs, 3 hits, 0 errors, 2 left on base; Scottsdale 2 - Detroit 0 | BOTTOM OF THE 2ND |
---|
Detroit Dirty Snow batting - Pitching for Scottsdale Scorpions : LHP António Rodríguez | Batting: LHB Luis Salazar | 0-0: Ball 1-0: SINGLE (Line Drive, 6MD) | Batting: RHB Carlos Rocha | 0-0: Fly out, F8 (Line Drive, 8LM) | Batting: RHB António Aguilera | 0-0: Swinging Strike 0-1: Ball 1-1: Called Strike 1-2: Strikes out swinging | Batting: RHB Paul Liddle | 0-0: Fly out, F8 (Flyball, 8RS) | Bottom of the 2nd over - 0 runs, 1 hit, 0 errors, 1 left on base; Scottsdale 2 - Detroit 0 | TOP OF THE 3RD |
---|
Scottsdale Scorpions batting - Pitching for Detroit Dirty Snow : RHP Fernando Barrón | Batting: LHB Pedro Díaz | 0-0: Ball 1-0: Ball 2-0: Called Strike 2-1: Ball 3-1: Base on Balls | Batting: SHB Arnold Moore | 0-0: Ball 1-0: Foul Ball, location: 2F 1-1: Ball 2-1: Ball 3-1: Base on Balls Pedro Díaz to second | Batting: RHB Steve Boyer | 0-0: Ball 1-0: SINGLE (Line Drive, 89M) Pedro Díaz to third Arnold Moore to second Runner from 3rd tries for Home, SAFE, throw made home | Batting: LHB Manny Vigil | 0-0: DOUBLE (Line Drive, 7LS) Arnold Moore scores Steve Boyer to third | Batting: LHB Tony Ayala | 0-0: Ball 1-0: Swinging Strike 1-1: Ball 2-1: Foul Ball, location: 2F 2-2: Ball 3-2: Base on Balls | Batting: RHB Ronald Smith | 0-0: Fly out, F8 (Flyball, 8LS) Runner from 3rd tags up, SCORES, no throw | Batting: RHB José Méndez | 0-0: Called Strike 0-1: Called Strike 0-2: Foul Ball, location: 2F 0-2: Ball 1-2: Ball 2-2: SINGLE (Line Drive, 78S) Manny Vigil to third Tony Ayala to second | Pitching: LHP Alonso Pineda | | Batting: LHB Ernesto Hernández | 0-0: Called Strike 0-1: Ball 1-1: SINGLE (Groundball, 4MD) Manny Vigil scores Tony Ayala to third José Méndez to second Runner from 3rd tries for Home, SAFE, no throw | Batting: RHB Edgardo Gonzáles | 0-0: Ball 1-0: Ball 2-0: Ball 3-0: Called Strike 3-1: Base on Balls José Méndez to third Ernesto Hernández to second | Batting: LHB Pedro Díaz | 0-0: Ball 1-0: Ball 2-0: Ball 3-0: Base on Balls José Méndez scores Ernesto Hernández to third Edgardo Gonzáles to second | Batting: SHB Arnold Moore | 0-0: Called Strike 0-1: Fly out, F8 (Line Drive, 8LXD) Runner from 3rd tags up, SCORES, no throw Edgardo Gonzáles to third | Batting: RHB Steve Boyer | 0-0: Swinging Strike 0-1: Ball 1-1: Foul Ball, location: 2F 1-2: Strikes out swinging | Top of the 3rd over - 7 runs, 4 hits, 0 errors, 2 left on base; Scottsdale 9 - Detroit 0 | BOTTOM OF THE 3RD |
---|
Detroit Dirty Snow batting - Pitching for Scottsdale Scorpions : LHP António Rodríguez | Batting: RHB Manuel Flores | 0-0: Called Strike 0-1: Swinging Strike 0-2: Ball 1-2: Strikes out swinging | Batting: RHB Kelsey Scott | 0-0: Called Strike 0-1: Ball 1-1: Called Strike 1-2: Ball 2-2: Ball 3-2: SINGLE (Line Drive, 5L) | Batting: SHB Joe Emery | 0-0: Fly out, F9 (Flyball, 89M) | Batting: LHB Francisco Medina | 0-0: Ball 1-0: Swinging Strike 1-1: Ground out 4-3 (Groundball, 4) | Bottom of the 3rd over - 0 runs, 1 hit, 0 errors, 1 left on base; Scottsdale 9 - Detroit 0 | TOP OF THE 4TH |
---|
Scottsdale Scorpions batting - Pitching for Detroit Dirty Snow : LHP Alonso Pineda | Batting: LHB Manny Vigil | 0-0: Ball 1-0: Ball 2-0: Ball 3-0: Base on Balls | Batting: LHB Tony Ayala | 0-0: Ball 1-0: Swinging Strike 1-1: Foul Ball, location: 2F 1-2: Strikes out swinging | Batting: RHB Ronald Smith | 0-0: Ball 1-0: Grounds into double play, 4-6-3 (Groundball, 4) | Top of the 4th over - 0 runs, 0 hits, 0 errors, 0 left on base; Scottsdale 9 - Detroit 0 | BOTTOM OF THE 4TH |
---|
Detroit Dirty Snow batting - Pitching for Scottsdale Scorpions : LHP António Rodríguez | Batting: RHB Guo-liang Lian | 0-0: Ball 1-0: Foul Ball, location: 2F 1-1: Swinging Strike 1-2: Ball 2-2: Strikes out swinging | Batting: LHB Luis Salazar | 0-0: Called Strike 0-1: Ball 1-1: Foul Ball, location: 2F 1-2: Foul Ball, location: 2F 1-2: Ball 2-2: Foul Ball, location: 2F 2-2: Ground out 5-3 (Groundball, 56) | Batting: RHB Carlos Rocha | 0-0: Fly out, F7 (Line Drive, 7) | Bottom of the 4th over - 0 runs, 0 hits, 0 errors, 0 left on base; Scottsdale 9 - Detroit 0 | TOP OF THE 5TH |
---|
Scottsdale Scorpions batting - Pitching for Detroit Dirty Snow : LHP Alonso Pineda | Batting: RHB José Méndez | 0-0: Called Strike 0-1: Ball 1-1: Foul Ball, location: 2F 1-2: Ball 2-2: SINGLE (Line Drive, 89S) | Batting: LHB Ernesto Hernández | 0-0: Called Strike 0-1: Foul Ball, location: 2F 0-2: Foul Ball, location: 2F 0-2: Hit by Pitch José Méndez to second | Batting: RHB Edgardo Gonzáles | 0-0: Called Strike 0-1: Ball 1-1: Ball 2-1: SINGLE (Line Drive, 6D) José Méndez to third Ernesto Hernández to second Runner from 3rd tries for Home, SAFE, no throw | Batting: LHB Pedro Díaz | 0-0: Foul Ball, location: 2F 0-1: Ball 1-1: Foul Ball, location: 2F 1-2: Ball 2-2: Foul Ball, location: 2F 2-2: Ball 3-2: Fly out, F5 (Popup, 25F) | Batting: SHB Arnold Moore | 0-0: Ball 1-0: DOUBLE (Line Drive, 7LD) Ernesto Hernández scores Edgardo Gonzáles to third | Batting: RHB Steve Boyer | 0-0: Ground out 5-3 (Groundball, 56) Edgardo Gonzáles scores | Batting: LHB Manny Vigil | 0-0: Fly out, F7 (Flyball, 78XD) | Top of the 5th over - 3 runs, 3 hits, 0 errors, 1 left on base; Scottsdale 12 - Detroit 0 | BOTTOM OF THE 5TH |
---|
Detroit Dirty Snow batting - Pitching for Scottsdale Scorpions : LHP António Rodríguez | Batting: RHB António Aguilera | 0-0: Called Strike 0-1: Ball 1-1: Ball 2-1: Fly out, F5 (Line Drive, 56) | Batting: RHB Paul Liddle | 0-0: Ball 1-0: Ground out 5-3 (Groundball, 56S) | Batting: RHB Manuel Flores | 0-0: Ball 1-0: Called Strike 1-1: Fly out, F9 (Flyball, 9S) | Bottom of the 5th over - 0 runs, 0 hits, 0 errors, 0 left on base; Scottsdale 12 - Detroit 0 | TOP OF THE 6TH |
---|
Scottsdale Scorpions batting - Pitching for Detroit Dirty Snow : LHP Alonso Pineda | Batting: LHB Tony Ayala | 0-0: Ball 1-0: Called Strike 1-1: Swinging Strike 1-2: Ball 2-2: Ball 3-2: Base on Balls | Batting: RHB Ronald Smith | 0-0: Ball Tony Ayala is caught stealing 2nd base 1-0: Foul Ball, location: 2F 1-1: Foul Ball, location: 2F 1-2: Ground out 4-3 (Groundball, 4M) | Batting: RHB José Méndez | 0-0: Fly out, F9 (Flyball, 9) | Top of the 6th over - 0 runs, 0 hits, 0 errors, 0 left on base; Scottsdale 12 - Detroit 0 | BOTTOM OF THE 6TH |
---|
Detroit Dirty Snow batting - Pitching for Scottsdale Scorpions : LHP António Rodríguez | Batting: RHB Kelsey Scott | 0-0: Swinging Strike 0-1: Swinging Strike 0-2: Strikes out swinging | Batting: SHB Joe Emery | 0-0: Ball 1-0: Ball 2-0: Foul Ball, location: 2F 2-1: Called Strike 2-2: Foul Ball, location: 2F 2-2: Ball 3-2: Foul Ball, location: 2F 3-2: Base on Balls | Batting: LHB Francisco Medina | 0-0: Ball 1-0: Called Strike 1-1: Ball 2-1: Ball 3-1: SINGLE (Flyball, 9S) Joe Emery to second Runner from 2nd tries for 3rd, SAFE, no throw | Batting: RHB Guo-liang Lian | 0-0: Ball Francisco Medina is caught stealing 2nd base 1-0: Ball 2-0: Called Strike 2-1: Fly out, F8 (Flyball, 8RM) | Bottom of the 6th over - 0 runs, 1 hit, 0 errors, 1 left on base; Scottsdale 12 - Detroit 0 | TOP OF THE 7TH |
---|
Scottsdale Scorpions batting - Pitching for Detroit Dirty Snow : LHP Alonso Pineda | Batting: LHB Ernesto Hernández | 0-0: Called Strike 0-1: Fly out, F3 (Line Drive, 34S) | Batting: RHB Edgardo Gonzáles | 0-0: Ground out U3 (Groundball, 3) | Batting: LHB Pedro Díaz | 0-0: Called Strike 0-1: Fly out, F9 (Line Drive, 89M) | Top of the 7th over - 0 runs, 0 hits, 0 errors, 0 left on base; Scottsdale 12 - Detroit 0 | BOTTOM OF THE 7TH |
---|
Detroit Dirty Snow batting - Pitching for Scottsdale Scorpions : LHP António Rodríguez | Batting: LHB Luis Salazar | 0-0: Foul Ball, location: 2F 0-1: Ball 1-1: Foul Ball, location: 2F 1-2: Ground out 6-3 (Groundball, 6M) | Batting: RHB Carlos Rocha | 0-0: Ball 1-0: Foul Ball, location: 2F 1-1: Ball 2-1: Called Strike 2-2: Strikes out looking | Batting: RHB António Aguilera | 0-0: Called Strike 0-1: Swinging Strike 0-2: Ball 1-2: Ball 2-2: Ground out 4-3 (Groundball, 4S) | Bottom of the 7th over - 0 runs, 0 hits, 0 errors, 0 left on base; Scottsdale 12 - Detroit 0 | TOP OF THE 8TH |
---|
Scottsdale Scorpions batting - Pitching for Detroit Dirty Snow : LHP Alonso Pineda | Pitching: RHP Gustavo Cháves | | Batting: SHB Arnold Moore | 0-0: Ball 1-0: SINGLE (Flyball, 7S) | Batting: RHB Steve Boyer | 0-0: Ball 1-0: Foul Ball, location: 2F 1-1: Foul Ball, location: 2F 1-2: Ball 2-2: Foul Ball, location: 2F 2-2: Ball 3-2: Base on Balls Arnold Moore to second | Batting: LHB Manny Vigil | 0-0: Ball 1-0: Foul Ball, location: 2F 1-1: Swinging Strike 1-2: Ball 2-2: Foul Ball, location: 2F 2-2: Strikes out swinging | Batting: LHB Tony Ayala | 0-0: Ball Wild Pitch! Arnold Moore to third Steve Boyer to second 1-0: Called Strike 1-1: Foul Ball, location: 2F 1-2: Fly out, F6 (Popup, 6) | Batting: RHB Ronald Smith | 0-0: Swinging Strike 0-1: Ball 1-1: Foul Ball, location: 2F 1-2: Foul Ball, location: 2F 1-2: Ball 2-2: Ball 3-2: Base on Balls | Batting: RHB José Méndez | 0-0: Ground out 4-3 (Groundball, 34D) | Top of the 8th over - 0 runs, 1 hit, 0 errors, 3 left on base; Scottsdale 12 - Detroit 0 | BOTTOM OF THE 8TH |
---|
Detroit Dirty Snow batting - Pitching for Scottsdale Scorpions : LHP António Rodríguez | Pitching: RHP José Alvarado | | Now at SS: Robinson Fernández | | Batting: RHB Paul Liddle | 0-0: Foul Ball, location: 2F 0-1: Called Strike 0-2: Ball 1-2: Ball 2-2: Ball 3-2: Foul Ball, location: 2F 3-2: Base on Balls | Batting: RHB Manuel Flores | 0-0: Ball 1-0: Ball 2-0: Ball 3-0: Called Strike 3-1: SINGLE (Line Drive, 8LS) Paul Liddle to second | Batting: RHB Kelsey Scott | 0-0: Foul Ball, location: 2F 0-1: Swinging Strike 0-2: Ball 1-2: Strikes out swinging | Batting: SHB Joe Emery | 0-0: Ball 1-0: Swinging Strike 1-1: Foul Ball, location: 2F 1-2: Ball 2-2: Strikes out swinging | Batting: LHB Francisco Medina | 0-0: Fly out, F8 (Flyball, 8RD) | Bottom of the 8th over - 0 runs, 1 hit, 0 errors, 2 left on base; Scottsdale 12 - Detroit 0 | TOP OF THE 9TH |
---|
Scottsdale Scorpions batting - Pitching for Detroit Dirty Snow : RHP Gustavo Cháves | Batting: LHB Ernesto Hernández | 0-0: Ball 1-0: Swinging Strike 1-1: Ground out 4-3 (Groundball, 4) | Pinch Hitting: LHB Clayton Bailey | 0-0: Called Strike 0-1: Ball 1-1: Foul Ball, location: 2F 1-2: Ground out 6-3 (Groundball, 6) | Batting: LHB Pedro Díaz | 0-0: Ball 1-0: Foul Ball, location: 2F 1-1: Ball 2-1: SOLO HOME RUN (Flyball, 9LD), Distance : 336 ft | Batting: SHB Arnold Moore | 0-0: Called Strike 0-1: Ball 1-1: Called Strike 1-2: Ground out 4-3 (Groundball, 4M) | Top of the 9th over - 1 run, 1 hit, 0 errors, 0 left on base; Scottsdale 13 - Detroit 0 | BOTTOM OF THE 9TH |
---|
Detroit Dirty Snow batting - Pitching for Scottsdale Scorpions : RHP José Alvarado | Now in LF: Alan Evans | | Batting: RHB Guo-liang Lian | 0-0: Ground out 5-3 (Groundball, 5) | Batting: LHB Luis Salazar | 0-0: SINGLE (Groundball, 6MD) | Batting: RHB Carlos Rocha | 0-0: Fly out, F7 (Flyball, 7) | Batting: RHB António Aguilera | 0-0: Fly out, F6 (Flyball, 6D) | Bottom of the 9th over - 0 runs, 1 hit, 0 errors, 1 left on base; Scottsdale 13 - Detroit 0 | |